 Dungeon Crawl Stone Soup version 0.28-a0-384-g9e0c098162 (webtiles) character file.

Game seed: 16591112550594347983

65 zdrol the Covered (level 3, -3/34 HPs)
             Began as a Minotaur Fighter on Sept 3, 2021.
             Killed by nerve-wracking pain
             ... invoked by an orc priest
              (12 damage)
             ... on level 3 of the Dungeon.
             The game lasted 00:07:11 (1432 turns).

zdrol the Covered (Minotaur Fighter)                Turns: 1432, Time: 00:07:12

Health: -3/34      AC:  8    Str: 20    XL:     3   Next: 94%
Magic:  2/2        EV:  9    Int:  5    God:
Gold:   81         SH:  4    Dex: 10    Spells: 2/2 levels left

rFire   . . .      SeeInvis .   a - +0 war axe
rCold   . . .      Faith    .   c - +0 buckler
rNeg    . . .      Spirit   .   b - +0 scale mail
rPois   .          Reflect  .   (helmet restricted)
rElec   .          Harm     .   (no cloak)
rCorr   .          Rampage  .   j - +0 pair of gloves
Will    .....                   (no boots)
Stlth   ..........              (no amulet)
HPRegen 0.11/turn               (no ring)
MPRegen 0.08/turn               (no ring)

@: no status effects
A: horns 2, retaliatory headbutt
a: no special abilities


You were on level 3 of the Dungeon.
You visited 1 branch of the dungeon, and saw 3 of its levels.

You collected 81 gold pieces.

Inventory:

Hand Weapons
 a - a +0 war axe (weapon)
Missiles
 k - 4 boomerangs (quivered)
 l - 16 poisoned darts
Armour
 b - a +0 scale mail (worn)
 c - a +0 buckler (worn)
 j - a +0 pair of gloves (worn)
Scrolls
 f - a scroll of fog {unknown}
 h - a scroll of magic mapping {unknown}
 m - a scroll of amnesia {unknown}
Potions
 d - 2 potions of might
 e - 3 potions of curing {unknown}
 g - a potion of mutation {unknown}
 i - a potion of haste {unknown}
 n - a potion of degeneration {unknown}


   Skills:
 + Level 4.3 Fighting
 + Level 3.0 Axes
 + Level 4.5 Armour
 + Level 0.5 Dodging
 + Level 4.1 Shields


You had 2 spell levels left.
You didn't know any spells.
Your spell library contained the following spells:

 Spells                   Type           Power      Damage    Failure   Level
 Pain                     Necr           0%         1d4       82%         1
 Stone Arrow              Conj/Erth      0%         3d7       99%         3
 Agony                    Necr           0%         N/A       100%        5
 Bolt of Magma            Conj/Fire/Erth 0%         4d4       100%        5
 Excruciating Wounds      Necr           0%         N/A       100%        5
 Shatter                  Erth           0%         3d5*      100%        9


Dungeon Overview and Level Annotations

Branches:
Dungeon (3/15)

Altars:


Innate Abilities, Weirdness & Mutations

You have a pair of horns on your head.
You reflexively headbutt those who attack you in melee.


Message History

The orc priest invokes the aid of Beogh against you.
Beogh smites you!
There is an open door here.
You slash the orc priest!
The orc priest is heavily wounded.
You barely miss the orc. x2; You block the orc's attack.
The orc barely misses you. The orc priest barely misses you.
You barely miss the orc priest.
The orc priest is heavily wounded.
Your scale mail prevents you from hitting the orc.
You closely miss the orc. The orc barely misses you.
The orc hits you but does no damage. The orc priest barely misses you.
The orc hits you but does no damage. The orc closely misses you.
The orc priest hits you with a +0 club.
You hit the orc priest but do no damage.
The orc priest is heavily wounded.
You hit the orc but do no damage. You slash the orc!
You kill the orc!
The orc hits you but does no damage.
The orc priest hits you but does no damage.
You completely miss the orc priest.
The orc priest is heavily wounded.
You hit the orc. The orc hits you with a +0 hand axe.
* * * LOW HITPOINT WARNING * * *
The orc priest barely misses you. The orc hits you but does no damage.
The orc priest invokes the aid of Beogh against you.
Pain shoots through your body!
* * * LOW HITPOINT WARNING * * *
You barely miss the orc priest.
You headbutt the orc priest, but do no damage.
The orc priest is heavily wounded.
You hit the orc.
You kill the orc!
You block the orc priest's attack.
Your Axes skill increases to level 3!
You closely miss the orc priest.
The orc priest is heavily wounded.
The orc priest invokes the aid of Beogh against you.
Pain shoots through your body!
You die...

###'##
########.#
#........#
#.######## #.#.?
########.#.#
#........#.#
#.....).)#.###.#
#....))..@o....#
#........#)#####
#........#.#
#........#.#
#........#.#
#........#.#
#........#..
############


You could see an orc priest.

Vanquished Creatures
  2 adders (D:2)
  A dart slug (D:2)
  5 orcs (D:3)
  A bat (D:1)
  An endoplasm (D:2)
  2 giant cockroaches
  6 goblins
  3 hobgoblins
  A jackal (D:2)
  3 kobolds
  A quokka (D:1)
  4 ball pythons (D:2)
  2 frilled lizards
  7 rats
39 creatures vanquished.

Vanquished Creatures (others)
  A fungus (D:2)
  5 plants
6 creatures vanquished.

Grand Total: 45 creatures vanquished

Notes
Turn   | Place    | Note
-------+----------+-------------------------------------------
     0 | D:1      | zdrol the Minotaur Fighter began the quest for the Orb.
     0 | D:1      | Reached XP level 1. HP: 19/19 MP: 0/0
    45 | D:1      | You fall into a shaft and drop 1 floor!
    66 | D:2      | Reached XP level 2. HP: 24/27 MP: 1/1
   493 | D:1      | Reached XP level 3. HP: 33/33 MP: 2/2
  1174 | D:2      | Found a faded altar of an unknown god.
  1432 | D:3      | Killed from afar by an orc priest

Illustrated notes

Levels and vault maps discovered:
D:1:      minmay_arrival_open_corners, layout_loops_cross, minmay_crystal_water,
          hangedman_decor_slide_cut, serial_bayou_pond_d
D:2:      layout_rooms, shapermc_ecumenical_altar_mp_urbaneastern, st_stairs_5
D:3:      layout_basic, chequers_serial_rivers_micro_c, moated_statue

Skill      XL: |  1  2  3 |
---------------+----------+-----
Fighting       | 4 |  4.3
Armour         | 4 |  4.5
Shields        | 4 |  4.1
Axes           | 3 |  3.0
Dodging        | |  0.5

Action                   || total
-------------------------++-------
Melee: War axe           ||    80
       Headbutt          ||    11
Throw: Boomerang         ||     5
Armor: Scale mail        ||    44
Dodge: Dodged            ||    39
Block: Buckler           ||    23

Table legend: (Time is in decaauts)
 A = Elapsed time spent in this place.
 B = Non-inter-level travel time spent in this place.
 C = Inter-level travel time spent in this place.
 D = Time resting spent in this place.
 E = Time spent auto-exploring this place.
 F = Levels seen in this place.
 G = Mean time per level.
                   A        B        C        D        E       F      G
               +--------+--------+--------+--------+--------+-----+--------+
         Total |   1467 |   1467 |      0 |      0 |    805 |   3 |  489.0 |
       Dungeon |   1467 |   1467 |      0 |      0 |    805 |   3 |  489.0 |
               +--------+--------+--------+--------+--------+-----+--------+

Top non-repeatable levels by time:
     D:1: 728 daAuts
     D:2: 676 daAuts
     D:3: 62 daAuts
